 Dungeon Crawl Stone Soup version 0.21.1-1-g345015f (webtiles) character file.

1403 inc the Nimble (level 8, 36/36 HPs)
             Began as a Felid Chaos Knight on June 8, 2018.
             Quit the game on level 7 of the Dungeon.
             The game lasted 00:14:52 (8442 turns).

inc the Nimble (Felid Chaos Knight)                 Turns: 8442, Time: 00:14:53

Health: 36/36      AC:  2    Str:  8    XL:     8   Next: 42%
Magic:  9/9        EV: 28    Int: 18    God:    Xom [......]
Gold:   126        SH:  4    Dex: 16    Spells: 7/7 levels left
                                        Lives:  1   Deaths: 1

rFire    . . .     SeeInvis +     - Unarmed
rCold    . . .     Gourm    .   (shield unavailable)
rNeg     . . .     Faith    +   (armour unavailable)
rPois    +         Spirit   .   (helmet unavailable)
rElec    .         Reflect  .   (cloak unavailable)
rCorr    .         Harm     .   (gloves unavailable)
MR       +....                  (boots unavailable)
Stlth    ++++......             l - amulet of faith
HPRegen  0.12/turn              e - ring of poison resistance
MPRegen  0.11/turn              u - ring of stealth

@: quick
A: very small, no armour, no weapons or thrown items, stealth, claws 1, fangs 3,
large bone plates 1, see invisible, carnivore, clever 1, speed 1, shaggy fur 2,
slow metabolism 1, sharp paws
a: Renounce Religion


You were on level 7 of the Dungeon.
You worshipped Xom.
You were a very special plaything of Xom.
You were not hungry.

You visited 1 branch of the dungeon, and saw 8 of its levels.

You collected 490 gold pieces.
You spent 364 gold pieces at shops.

Inventory:

Jewellery
 e - a ring of poison resistance (left paw)
 g - an uncursed ring of wizardry
 l - an amulet of faith (around neck)
 m - an uncursed ring of stealth
 u - a ring of stealth (right paw)
 v - an uncursed ring of fire
Wands
 i - a wand of iceblast (2)
 q - a wand of random effects (24)
 s - a wand of clouds (5)
Scrolls
 b - a scroll of fog
 c - 2 scrolls of magic mapping
 f - 4 scrolls of teleportation
 o - a scroll of remove curse {unknown}
 p - a scroll of fear {unknown}
 r - 2 scrolls of identify
 t - a scroll of noise {unknown}
Potions
 d - a potion of might
 j - 2 potions of curing
 k - a potion of heal wounds
 n - 2 potions of flight
Comestibles
 a - 13 rations


   Skills:
 - Level 3.9 Fighting
 - Level 12.4 Dodging
 + Level 4.3 Stealth
 - Level 8.4 Unarmed Combat


You had 7 spell levels left.
You didn't know any spells.

Dungeon Overview and Level Annotations

Branches:
Dungeon (8/15)             Temple (0/1) D:4
   Lair: D:8-11

Altars:
Ashenzari
Kikubaaqudgha
Makhleb
Nemelex Xobeh
Qazlal
Trog
Uskayaw
Xom

Shops:
D:4 (   D:7 *


Innate Abilities, Weirdness & Mutations

You cannot wear armour.
You are incapable of wielding weapons or throwing items.
Your paws allow you to move quietly. (Stealth)
You have sharp claws.
You have razor-sharp teeth.
You have supernaturally acute eyesight. (SInv)
You are carnivorous and can eat meat at any time.
You cover ground quickly.
You are covered in thick fur. (AC +2)
You have a slow metabolism.
Your sharp claws are effective at attacking unaware monsters.
You are partially covered in large bone plates. (SH +4)
Your mind is acute. (Int +2)


Message History

You block the puff of frost. You block the orc priest's attack.
You scratch the orc priest.
You kill the orc priest!
The ufetubus barely misses you. The ufetubus closely misses you.
The orc warrior completely misses you. The crimson imp misses you.
You block the white imp's attack. The iron imp misses you.
You feel much better.
Xom giggles.
You are blasted with fire.
The ufetubus misses you. The ufetubus completely misses you.
You block the crimson imp's attack. The white imp closely misses you.
The orc warrior hits you with a war axe.
The ufetubus completely misses you. x2
The orc warrior hits you with a war axe!!
You die...
Xom guffaws!
You are now level 8!
Xom roars with laughter!
You rejoin the land of the living...
Are you sure you want to abandon this character and quit the game? (Confirm with "yes".)

####(##.#..#.....)......#
#.....#.#..#....#.####.##
#.....#.#..#..#.#.####.#
#.....#.####..#........#
#..)..#.......#.#.#.####
......#######.#.....#
............[.#.#.#.#
.......########.....#
.......# #.@.#.# .......#
#.#.#.#
.#####.########.#...# .#
#...........#### .#
############# .# ##


There were no monsters in sight!

Vanquished Creatures
  Pikel (D:6)
  The ghost of zuik the Slasher, a novice DrGl of Cheibriados (D:6)
  Eustachio (D:6)
  Menkaure (D:6)
  Edmund (D:6)
  3 slaves (D:6)
  An ice beast (D:6)
  An orc warrior (D:6)
  A phantom (D:6)
  3 ogres
  A crocodile (D:5)
  A water moccasin skeleton (D:5)
  A scorpion (D:7)
  3 wights (D:6)
  A howler monkey (D:4)
  A centaur zombie (D:5)
  2 crimson imps
  A bullfrog zombie (D:5)
  2 hounds
  2 orc priests (D:7)
  A centaur skeleton (D:7)
  Jessica (D:3)
  Terence (D:3)
  8 worker ants
  3 orc wizards
  A hound skeleton (D:4)
  4 gnolls
  7 adders
  2 shadow imps (D:5)
  A worm (D:3)
  4 dart slugs
  A leopard gecko (D:5)
  16 orcs
  5 giant cockroaches
  7 goblins
  6 hobgoblins
  6 jackals
  3 quokkas
  3 ball pythons
  4 bats
  7 frilled lizards
  A jackal skeleton (D:5)
  6 kobolds
  A quokka skeleton (D:5)
  10 rats
138 creatures vanquished.

Vanquished Creatures (collateral kills)
  A water moccasin skeleton (D:7)
  An orc priest (D:7)
2 creatures vanquished.

Vanquished Creatures (others)
  A black bear (D:6)
1 creature vanquished.

Grand Total: 141 creatures vanquished

Notes
Turn   | Place    | Note
-------+----------+-------------------------------------------
     0 | D:1      | inc the Felid Chaos Knight began the quest for the Orb.
     0 | D:1      | Reached XP level 1. HP: 10/10 MP: 2/2
    71 | D:1      | Reached XP level 2. HP: 14/14 MP: 3/3
   303 | D:1      | Reached XP level 3. HP: 10/17 MP: 4/4
   363 | D:1      | XOM: divination: magic mapping
   606 | D:1      | XOM is BORED!
   606 | D:1      | XOM: noise
   854 | D:1      | XOM: harmless Air miscast
   931 | D:2      | Found a shattered altar of Ashenzari.
  1503 | D:2      | XOM: harmless Hex miscast
  1746 | D:2      | XOM: harmless Fire miscast
  1807 | D:2      | XOM: harmless Summ miscast
  1864 | D:3      | XOM: mild Fire miscast
  1922 | D:3      | Reached skill level 5 in Unarmed Combat
  1922 | D:3      | Reached XP level 4. HP: 15/21 MP: 5/5
  2101 | D:4      | XOM: divination: detect items
  2129 | D:4      | Reached XP level 5. HP: 16/24 MP: 6/6
  2161 | D:4      | XOM: god gift: opal ring {god gift}
  2204 | D:4      | XOM: mild Ice miscast
  2300 | D:4      | Found Wotod's Antique Weapon Shop.
  2355 | D:4      | XOM: harmless Summ miscast
  2451 | D:4      | XOM is BORED!
  2451 | D:4      | XOM: mild Ice miscast
  2482 | D:4      | XOM: potion effect (brilliance)
  2487 | D:4      | XOM: potion effect (agility)
  2627 | D:4      | XOM: noise
  2639 | D:4      | XOM: summons friendly crimson imp
  2642 | D:4      | XOM: cloud trail
  2661 | D:4      | XOM: 1-stop teleportation journey
  2723 | D:4      | XOM: scenery: create altars
  2788 | D:4      | Gained mutation: You are covered in thick fur. (AC +2) [Felid growth]
  2788 | D:4      | Reached XP level 6. HP: 23/28 MP: 7/7
  2865 | D:4      | Found a staircase to the Ecumenical Temple.
  2971 | D:3      | XOM: smoke on damage
  2974 | D:3      | XOM: silly message
  3144 | D:3      | Noticed Terence
  3166 | D:3      | Killed Terence
  3184 | D:3      | XOM: scenery: 3 doors open
  3473 | D:3      | Found a stormy altar of Qazlal.
  3476 | D:3      | Found a sparkling altar of Nemelex Xobeh.
  3476 | D:3      | Found a bloodstained altar of Trog.
  3479 | D:3      | Found an ancient bone altar of Kikubaaqudgha.
  3480 | D:3      | Noticed Jessica
  3490 | D:3      | Killed Jessica
  3601 | D:3      | XOM: scenery: 2 doors open
  3666 | D:5      | Entered Level 5 of the Dungeon
  3726 | D:5      | XOM: destruction
  3728 | D:5      | XOM: confuse monster(s)
  3962 | D:5      | Reached XP level 7. HP: 25/31 MP: 8/8
  4046 | D:5      | XOM: polymorph ogre -> crocodile
  4189 | D:5      | XOM: cloud trail
  4462 | D:5      | XOM: silly message
  4510 | D:5      | XOM: 2-stop teleportation journey
  4519 | D:5      | Reached skill level 4 in Dodging
  4766 | D:5      | Found a hide-covered altar of Uskayaw.
  4817 | D:5      | Reached skill level 5 in Dodging
  4854 | D:6      | Noticed Menkaure
  4877 | D:6      | XOM: summons friendly crimson imp
  4878 | D:6      | Killed Menkaure
  4878 | D:6      | Reached skill level 6 in Dodging
  4888 | D:6      | Found Cimo's General Store.
  4896 | D:6      | Noticed zuik's ghost (novice DrGl)
  4901 | D:6      | XOM: cast spell 'Olgreb's Toxic Radiance'
  4905 | D:6      | XOM: butterfly on damage
  4914 | D:6      | Killed zuik's ghost
  4914 | D:6      | Reached skill level 8 in Dodging
  4914 | D:6      | Reached XP level 8. HP: 17/34 MP: 9/9
  5168 | D:6      | Reached skill level 9 in Dodging
  5178 | D:6      | XOM: harmless Erth miscast
  5188 | D:6      | Noticed Eustachio
  5192 | D:6      | XOM: mild Erth miscast
  5195 | D:6      | XOM: cast spell 'Olgreb's Toxic Radiance'
  5198 | D:6      | XOM: enchant monster (good)
  5199 | D:6      | XOM: potion effect (brilliance)
  5204 | D:6      | XOM: harmless Pois miscast
  5207 | D:6      | Killed Eustachio
  5207 | D:6      | Reached skill level 10 in Dodging
  5219 | D:6      | XOM: enchant monster (bad)
  5485 | D:6      | Noticed Pikel
  5502 | D:6      | XOM: summons friendly iron imp
  5519 | D:6      | XOM: swap monsters
  5535 | D:6      | XOM: summons friendly iron imp
  5536 | D:6      | XOM: divination: magic mapping
  5539 | D:6      | Killed Pikel
  5539 | D:6      | Reached skill level 11 in Dodging
  5539 | D:6      | Reached XP level 9. HP: 24/37 MP: 10/10
  5741 | D:6      | Noticed Edmund
  5772 | D:6      | Killed Edmund
  5772 | D:6      | Reached skill level 12 in Dodging
  5834 | D:6      | XOM: 1-stop teleportation journey
  5857 | D:6      | XOM: scenery: create altars
  5863 | D:6      | XOM: enchant monster (bad)
  6036 | D:6      | XOM: swap monsters
  6041 | D:6      | XOM: noise
  6054 | D:6      | XOM: enchant monster (bad)
  6100 | D:6      | XOM: scenery: create altars
  6207 | D:6      | XOM: god gift: wand of clouds (6)
  6400 | D:6      | XOM: god gift: 6 rations
  6734 | D:6      | XOM: cast spell 'Cause Fear'
  6739 | D:6      | XOM: fog
  6951 | D:6      | XOM: 2-stop teleportation journey
  6959 | D:6      | XOM: god gift: 24 gold pieces
  6993 | D:6      | XOM: summons 3 friendly demons
  7052 | D:6      | Xom revived you
  7078 | D:6      | XOM: enchant monster (good)
  7079 | D:6      | XOM: cleaving
  7476 | D:7      | XOM: give mutations
  7476 | D:7      | Gained mutation: You are somewhat resistant to further mutation. [Xom's grace]
  7476 | D:7      | Gained mutation: You have a pair of small horns on your head. [Xom's grace]
  7476 | D:7      | Gained mutation: You have a pair of horns on your head. [Xom's grace]
  7495 | D:7      | XOM: summons 3 friendly demons
  7507 | D:7      | Found Fabatife's Assorted Antiques.
  7514 | D:7      | XOM: summons 4 hostile demons
  7518 | D:7      | XOM: butterfly on damage
  7528 | D:7      | HP: 1/39 [white imp/puff of frost[Xom] (8)]
  7756 | D:7      | XOM: 4-stop teleportation journey
  7903 | D:7      | Bought a moonstone ring for 140 gold pieces
  7918 | D:7      | Found a shimmering altar of Xom.
  7919 | D:7      | Found a burning altar of Makhleb.
  7931 | D:7      | XOM: harmless Tloc miscast
  7961 | D:7      | Reached skill level 1 in Stealth
  7965 | D:7      | XOM: cast spell 'Summon Ice Beast'
  7969 | D:7      | XOM: mild Conj miscast
  8099 | D:7      | XOM: potion effect (brilliance)
  8238 | D:6      | Lost mutation: You have a pair of horns on your head. [potion of mutation]
  8238 | D:6      | Lost mutation: You have a pair of small horns on your head. [potion of mutation]
  8238 | D:6      | Lost mutation: You are somewhat resistant to further mutation. [potion of mutation]
  8238 | D:6      | Gained mutation: Your spells are a little easier to cast, but a little less powerful. [potion of mutation]
  8238 | D:6      | Gained mutation: You have a pair of small horns on your head. [potion of mutation]
  8247 | D:7      | XOM: mild Chrm miscast
  8329 | D:7      | XOM: harmless Tloc miscast
  8330 | D:7      | Bought a potion of mutation for 224 gold pieces
  8330 | D:7      | Lost mutation: Your spells are a little easier to cast, but a little less powerful. [potion of mutation]
  8330 | D:7      | Lost mutation: You have a pair of small horns on your head. [potion of mutation]
  8330 | D:7      | Gained mutation: You are partially covered in large bone plates. (SH +4) [potion of mutation]
  8330 | D:7      | Gained mutation: Your mind is acute. (Int +2) [potion of mutation]
  8343 | D:7      | XOM: mild Fire miscast
  8386 | D:7      | XOM: 2-stop teleportation journey
  8389 | D:7      | XOM: harmless Air miscast
  8426 | D:8      | XOM: noise
  8433 | D:7      | XOM: mild Tloc miscast
  8436 | D:7      | XOM: summons 4 hostile demons
  8440 | D:7      | XOM: medium Fire miscast
  8441 | D:7      | Slain by an orc warrior
  8442 | D:7      | Reached XP level 8. HP: -1/36 MP: 9/9
  8442 | D:7      | Quit the game

Skill      XL: |  1  2  3  4  5  6  7  8  9 |
---------------+----------------------------+-----
Unarmed Combat | 4 5 6 8 |  8.4
Dodging        | 8 11 12 | 12.4
Stealth        | 4 |  4.3
Fighting       | |  3.9

Action                   |  1- 3 |  4- 6 |  7- 9 || total
-------------------------+-------+-------+-------++-------
Melee: Unarmed           |   132 |   148 |   273 ||   553
       Punch             |     1 |     3 |    12 ||    16
       Bite              |     6 |    13 |    23 ||    42
       Headbutt          |       |       |     3 ||     3
Evoke: Wand              |       |       |     3 ||     3
  Use: Scroll            |       |     7 |     1 ||     8
       Potion            |       |     1 |     8 ||     9
 Stab: Sleeping          |     2 |     5 |     8 ||    15
       Distracted        |       |     1 |       ||     1
  Eat: Chunk             |       |     5 |     8 ||    13
Armor: Skin              |     4 |     6 |    30 ||    40
Dodge: Dodged            |   110 |    90 |   225 ||   425
Block: Other             |       |       |     7 ||     7
